Construct Section Command Post
Selects Air and Sea Battlegroup
Selects Air and Sea Battlegroup
Construct Platoon Command Post
6-pounder Anti-tank Gun Team
Unlock M3 Stuart Light Tanks
Selects Commando Section Paradrop
Commando Section Paradrop
Selects M1 Pack Howitzer Paradrop
M1 Pack Howitzer Paradrop
M1 Pack Howitzer Paradrop
Construct Company Command Post
Selects Incendiary Bombing Run
Unlock M3 Grant Medium Tanks
Selects Centaur Medium Tank
Selects Naval Bombardment